 Dungeon Crawl Stone Soup version 0.31-a0-662-g684573625c (webtiles) character file.

Game seed: 9820709137564315916

364 Maratek the Chopper (level 6, -2/48 HPs)
             Began as a Demonspawn Berserker on Sept 1, 2023.
             Was a Priest of Trog.
             Slain by an ogre
             ... wielding a +0 giant club
              (22 damage)
             ... on level 4 of the Dungeon.
             The game lasted 00:03:11 (2701 turns).

Maratek the Chopper (Demonspawn Berserker)          Turns: 2701, Time: 00:03:12

Health: -2/48      AC:  8    Str: 26    XL:     6   Next: 39%
Magic:  6/6        EV: 12    Int:  8    God:    Trog [***...]
Gold:   194        SH:  0    Dex: 12    Spells: 5/5 levels left

rFire   . . .        m - +2 war axe (venom)
rCold   . . .        (no shield)
rNeg    . . .        l - +0 ring mail
rPois   .            (no helmet)
rElec   .            (no cloak)
rCorr   .            (no gloves)
SInv    .            (no boots)
Will    .....        (no amulet)
Stlth   +            k - +6 ring of strength
HPRegen 0.28/turn    (no ring)
MPRegen 0.10/turn

%: no passive effects
@: no status effects
A: yellow scales 2, powered by death 2
a: Renounce Religion, Berserk, Trog's Hand


You were on level 4 of the Dungeon.
You worshipped Trog.
Trog was most pleased with you.
You visited 1 branch of the dungeon, and saw 4 of its levels.

You collected 194 gold pieces.

Inventory:

Hand Weapons
 m - a +2 war axe of venom (weapon)
Armour
 l - a +0 ring mail (worn)
Jewellery
 k - a +6 ring of strength (left hand)
Scrolls
 c - 3 scrolls of identify {unknown}
 d - 2 scrolls of fog {unknown}
 f - a scroll of poison {unknown}
 i - 2 scrolls of revelation {unknown}
 j - a scroll of vulnerability {unknown}
Potions
 a - a potion of magic {unknown}
 b - a potion of ambrosia {unknown}
 e - 3 potions of enlightenment {unknown}
 g - 3 potions of curing {unknown}
 h - 2 potions of might {unknown}
 n - a potion of heal wounds {unknown}
 o - a potion of invisibility {unknown}


   Skills:
 + Level 4.0 Fighting
 + Level 5.0 Axes
 + Level 2.5 Armour
 + Level 2.9 Dodging
 + Level 1.3 Stealth


You had 5 spell levels left.
You didn't know any spells.
Your spell library was empty.

Dungeon Overview and Level Annotations

Branches:
Dungeon (4/15)
 Temple: D:4-7

Altars:
Uskayaw
Wu Jian
Yredelemnul


Innate Abilities, Weirdness & Mutations

You are mostly covered in yellow scales. (AC +3)
You regenerate health from kills.


Message History

You now have 194 gold pieces (gained 6).
There is an open door here.
You see here a +0 short sword.
There is an open door here.
There is an open door here.
Done exploring.
Done exploring.
Done exploring.
No target in view!
No target in view!
No target in view!
There is a stone staircase leading down here.
You climb downwards.
There is a stone staircase leading up here.
Found 5 stones.
You see here 5 stones.
An ogre comes into view. It is wielding a +0 giant club.
The ogre shouts!
An ogre is nearby!
An ogre is nearby!
An orc comes into view. It is wielding a +0 dagger.
Found a hide-covered altar of Uskayaw.
The orc shouts!
The ogre hits you with a +0 giant club!!
Ouch! That really hurt!
You are too injured to fight recklessly!
You are too injured to fight recklessly!
You are too injured to fight recklessly!
You are too injured to fight recklessly!
You are too injured to fight recklessly!
You are too injured to fight recklessly!
You slash the ogre!
The ogre is moderately wounded.
You slash the ogre!
The ogre is severely wounded.
The ogre hits you with a +0 giant club.
You slash the ogre!
The ogre is poisoned.
The ogre is almost dead.
The ogre hits you with a +0 giant club!!
You die...

#.. .≈≈≈.≈.#.#
≈...≈≈.#.###############
≈._.≈≈.#................
≈...≈≈.#(###############
.≈≈≈o≈.#.# .....≈.#.#
≈≈≈≈≈..#.# #@!#
......O..# ###.######


You could see an ogre (very poisoned) and an orc.

Vanquished Creatures
  Sigmund (D:3)
  An ogre (D:3)
  An orc wizard (D:3)
  4 adders
  A worm (D:3)
  2 dart slugs
  3 orcs (D:3)
  2 bats (D:3)
  6 endoplasms
  6 giant cockroaches
  7 goblins
  2 hobgoblins (D:2)
  5 kobolds
  A quokka (D:3)
  10 ball pythons
  5 frilled lizards
  3 rats
60 creatures vanquished.

Notes
Turn   | Place    | Note
-------+----------+-------------------------------------------
     0 | D:1      | Maratek the Demonspawn Berserker began the quest for the
                  | Orb.
     0 | D:1      | Reached XP level 1. HP: 18/18 MP: 1/1
   111 | D:1      | Reached skill level 3 in Axes
   111 | D:1      | Gained mutation: You are partially covered in yellow
                  | scales. (AC +2) [demonic ancestry]
   111 | D:1      | Reached XP level 2. HP: 8/24 MP: 2/2
   770 | D:1      | Found a faded altar of an unknown god.
   940 | D:2      | Reached ** piety under Trog
   944 | D:2      | Gained mutation: You regenerate a little health from kills.
                  | [demonic ancestry]
   944 | D:2      | Reached XP level 3. HP: 15/29 MP: 3/3
  1248 | D:2      | Found an ornate altar of the Wu Jian Council.
  1638 | D:2      | Gained mutation: You regenerate health from kills. [demonic
                  | ancestry]
  1638 | D:2      | Reached XP level 4. HP: 35/35 MP: 4/4
  2162 | D:3      | Reached skill level 4 in Axes
  2285 | D:3      | Found a basalt altar of Yredelemnul.
  2506 | D:3      | Reached *** piety under Trog
  2507 | D:3      | Reached skill level 1 in Stealth
  2546 | D:3      | Noticed Sigmund
  2556 | D:3      | Killed Sigmund
  2557 | D:3      | Gained mutation: You are mostly covered in yellow scales.
                  | (AC +3) [demonic ancestry]
  2557 | D:3      | Reached XP level 5. HP: 41/42 MP: 5/5
  2557 | D:3      | Reached XP level 6. HP: 47/48 MP: 6/6
  2572 | D:3      | Reached skill level 5 in Axes
  2698 | D:4      | Found a hide-covered altar of Uskayaw.
  2701 | D:4      | Slain by an ogre

Illustrated notes

Levels and vault maps discovered:
D:1:      minmay_arrival_jagged, layout_basic,
          dilly_ecumenical_altar_fadedgnrine,
          wander_ebering_terrifying_dragon_lair
D:2:      layout_basic, basic_altar, minmay_pentomino_pile
D:3:      layout_loops_corners, lemuel_doored_altar,
          ebering_dispersal_statue_hall, uniq_sigmund
D:4:      layout_basic, nicolae_hepliaklqana_ecumenical_no_more,
          mainiacjoe_overflow_paths, uniq_natasha

Skill      XL: |  1  2  3  4  5  6 |
---------------+-------------------+-----
Axes           | 3 4 5 |  5.0
Dodging        | 2 |  2.9
Armour         | 2 |  2.5
Stealth        | 1 |  1.3
Fighting       | 4 |  4.0

Action                     |  1- 3 |  4- 6 || total
---------------------------+-------+-------++-------
  Melee: Hand axe          |   119 |    45 ||   164
         Punch             |     2 |     1 ||     3
         War axe           |       |    29 ||    29
   Stab: Sleeping          |     1 |       ||     1
 Armour: Animal skin       |    67 |     1 ||    68
         Ring mail         |       |    32 ||    32
  Dodge: Dodged            |    82 |    36 ||   118

Table legend: (Time is in decaauts)
 A = Elapsed time spent in this place.
 B = Non-inter-level travel time spent in this place.
 C = Inter-level travel time spent in this place.
 D = Time resting spent in this place.
 E = Time spent auto-exploring this place.
 F = Levels seen in this place.
 G = Mean time per level.
                   A        B        C        D        E       F      G
               +--------+--------+--------+--------+--------+-----+--------+
         Total |   2729 |   2698 |     31 |      0 |   2198 |   4 |  682.2 |
       Dungeon |   2729 |   2698 |     31 |      0 |   2198 |   4 |  682.2 |
               +--------+--------+--------+--------+--------+-----+--------+

Top non-repeatable levels by time:
     D:1: 943 daAuts
     D:2: 923 daAuts
     D:3: 820 daAuts
     D:4: 42 daAuts
